 Dungeon Crawl Stone Soup version 0.29-a0-322-g68df515428 (webtiles) character file.

Game seed: 7134862905500432922

37 jisko22 the Firebug (level 3, -6/28 HPs)
             Began as a Hill Orc Fire Elementalist on Apr 6, 2022.
             Mangled by Terence
             ... wielding a +0 hand axe
              (12 damage)
             ... on level 2 of the Dungeon.
             The game lasted 00:05:26 (2966 turns).

jisko22 the Firebug (Hill Orc Fire Elementalist)    Turns: 2966, Time: 00:05:28

Health: -6/28      AC:  2    Str: 10    XL:     3   Next: 41%
Magic:  2/6        EV: 12    Int: 17    God:
Gold:   73         SH:  0    Dex: 11    Spells: 3/6 levels left

rFire   . . .      SeeInvis .   g - +0 mace
rCold   . . .      Faith    .   (no shield)
rNeg    . . .      Spirit   .   a - +0 robe
rPois   .          Reflect  .   (no helmet)
rElec   .          Harm     .   (no cloak)
rCorr   .          Rampage  .   (no gloves)
Will    .....                   (no boots)
Stlth   ++........              (no amulet)
HPRegen 0.09/turn               (no ring)
MPRegen 0.10/turn               (no ring)

@: no status effects
A: no striking features
a: no special abilities


You were on level 2 of the Dungeon.
You visited 1 branch of the dungeon, and saw 2 of its levels.

You collected 73 gold pieces.

Inventory:

Hand Weapons
 e - a +0 club
 g - a +0 mace (weapon)
Missiles
 h - 4 boomerangs (quivered)
 j - 2 javelins
Armour
 a - a +0 robe (worn)
Scrolls
 f - a scroll of holy word
 k - a scroll of identify {unknown}
Potions
 b - a potion of magic


   Skills:
 * Level 1.0 Fighting
 - Level 1.5 Dodging
 - Level 1.5 Stealth
 + Level 2.0 Spellcasting
 * Level 1.7 Conjurations
 * Level 3.9 Fire Magic


You had 3 spell levels left.
You knew the following spells:

 Your Spells              Type           Power      Damage    Failure   Level
a - Foxfire               Conj/Fire      44%        2x1d6     6%          1
b - Scorch                Fire           30%        2d7       6%          2

Your spell library contained the following spells:

 Spells                   Type           Power      Damage    Failure   Level
 Beastly Appendage        Tmut           2%         N/A       19%         1
 Conjure Flame            Conj/Fire      11%        6-21      19%         3
 Inner Flame              Hex/Fire       8%         N/A       26%         3
 Wereblood                Tmut           1%         N/A       28%         2
 Spider Form              Tmut/Pois      1%         N/A       50%         3
 Flame Wave               Conj/Fire      11%        2d5       52%         4


Dungeon Overview and Level Annotations

Branches:
Dungeon (2/15)

Altars:

Annotations:
D:2 Terence


Message History

It was a potion of heal wounds.
You feel much better. Terence hits you but does no damage.
It was a potion of lignification.
You turn into a tree.
Your +0 robe melds into your body.
Your roots penetrate the ground.
Terence hits you but does no damage.
Casting: Foxfire (safe; 6% risk of failure)
Confirm with . or Enter, or press ? or * to list all spells.
You conjure some foxfire!
Terence drinks a potion.
Terence goes berserk!
The foxfire hits the goblin.
You kill the goblin!
Casting: Foxfire (safe; 6% risk of failure)
Confirm with . or Enter, or press ? or * to list all spells.
You conjure some foxfire!
The foxfire hits Terence but does no damage.
Terence is lightly wounded.
Terence hits you with a +0 hand axe!
The foxfire hits the giant cockroach.
The giant cockroach is moderately wounded.
Terence hits you but does no damage.
Casting: Foxfire (safe; 6% risk of failure)
Confirm with . or Enter, or press ? or * to list all spells.
You conjure some foxfire!
Terence hits you with a +0 hand axe!
Terence hits your foxfire with a +0 hand axe!
Casting: Foxfire (safe; 6% risk of failure)
Confirm with . or Enter, or press ? or * to list all spells.
There is not enough space to conjure foxfire!
Unknown command.
Unknown command.
You barely miss the giant cockroach. You punch the giant cockroach.
You kill the giant cockroach!
The foxfire hits Terence.
Terence is moderately wounded.
Terence hits you with a +0 hand axe. Terence hits you with a +0 hand axe!
* * * LOW HITPOINT WARNING * * *
It was a potion of cancellation.
Your magical effects are unravelling.
You feel magically purged.
You feel less wooden.
Your +0 robe unmelds from your body.
Terence completely misses you. Terence hits you with a +0 hand axe!
You die...

............8. #.#
#......####...8 #.#
######### ..####..# .P..
#># #.......# .##
#..!#....###.# #.......#
#...##.....#####.......#
.......................#
...............#.......#
######@#..#.....#######
#.@##..†....#
#)####@...†.# #.
#......# .. ........#
##. ###......# #.
##.....# .. #.....# .#
#.....# .....#


You could see Terence (berserk).

Vanquished Creatures
  4 dart slugs
  A ball python (D:2)
  A bat (D:1)
  3 endoplasms
  2 giant cockroaches (D:2)
  5 goblins
  3 hobgoblins (D:1)
  A kobold (D:1)
  A quokka (D:2)
  2 ball python skeletons (D:2)
  A quokka skeleton (D:2)
  2 rats (D:1)
26 creatures vanquished.

Vanquished Creatures (others)
  68 foxfires
  4 withered plants (D:2)
72 creatures vanquished.

Grand Total: 98 creatures vanquished

Notes
Turn   | Place    | Note
-------+----------+-------------------------------------------
     0 | D:1      | jisko22 the Hill Orc Fire Elementalist began the quest for
                  | the Orb.
     0 | D:1      | Reached XP level 1. HP: 14/14 MP: 3/3
   774 | D:1      | Reached XP level 2. HP: 20/20 MP: 2/4
   897 | D:1      | Learned a level 2 spell: Scorch
  2654 | D:2      | Reached XP level 3. HP: 27/27 MP: 2/5
  2784 | D:2      | Noticed Terence
  2787 | D:2      | Reached skill level 1 in Fighting
  2966 | D:2      | Mangled by Terence

Illustrated notes

Levels and vault maps discovered:
D:1:      shiori_arrival_oz, layout_loops_corners
D:2:      layout_rooms, dreamdust_ecumenical_altar_drowned_temple,
          serial_undead, serial_undead_b, serial_undead_c, serial_undead_f,
          serial_undead_e, serial_undead_d, serial_undead_a, uniq_terence

Skill      XL: |  1  2  3 |
---------------+----------+-----
Fighting       | 1 |  1.0
Spellcasting   | 2 |  2.0
Dodging        | |  1.5
Stealth        | |  1.5
Conjurations   | |  1.7
Fire Magic     | |  3.9

Action                   || total
-------------------------++-------
Melee: Unarmed           ||     2
       Mace              ||    16
       Club              ||     1
       Punch             ||     1
Throw: Boomerang         ||     1
 Cast: Foxfire           ||    40
  Use: Potion            ||     3
       Scroll            ||     1
Armor: Robe              ||     4
       Skin              ||     2
Dodge: Dodged            ||    15

Table legend: (Time is in decaauts)
 A = Elapsed time spent in this place.
 B = Non-inter-level travel time spent in this place.
 C = Inter-level travel time spent in this place.
 D = Time resting spent in this place.
 E = Time spent auto-exploring this place.
 F = Levels seen in this place.
 G = Mean time per level.
                   A        B        C        D        E       F      G
               +--------+--------+--------+--------+--------+-----+--------+
         Total |   2974 |   2869 |    105 |   1654 |    912 |   2 | 1487.0 |
       Dungeon |   2974 |   2869 |    105 |   1654 |    912 |   2 | 1487.0 |
               +--------+--------+--------+--------+--------+-----+--------+

Top non-repeatable levels by time:
     D:1: 2698 daAuts
     D:2: 276 daAuts
